 Dungeon Crawl Stone Soup version 0.29-a0-721-g7f417c9bbb (webtiles) character file.

Game seed: 13000604722167701833

7455 Hasart the Skirmisher (level 10, -8/86 HPs)
             Began as a Demigod Hunter on June 28, 2022.
             Mangled by a yak (13 damage)
             ... on level 10 of the Dungeon.
             The game lasted 00:16:47 (10972 turns).

Hasart the Skirmisher (Demigod Hunter)             Turns: 10972, Time: 00:16:48

Health: -8/86      AC:  5    Str: 12    XL:     10   Next: 62%
Magic:  13/13      EV: 20    Int: 11    God:
Gold:   588        SH:  0    Dex: 35    Spells: 9/9 levels left

rFire   . . .      SeeInvis .   a - +0 shortbow
rCold   . . .      Faith    .   (shield currently unavailable)
rNeg    . . .      Spirit   .   c - +0 leather armour
rPois   +          Reflect  .   g - +0 helmet
rElec   .          Harm     .   (no cloak)
rCorr   .          Rampage  .   p - +0 pair of gloves
Will    +....                   (no boots)
Stlth   +++++.....              (no amulet)
HPRegen 0.24/turn               o - ring of poison resistance
MPRegen 0.13/turn               v - +6 ring of dexterity

@: no status effects
A: high MP 1, forlorn, divine attributes
a: no special abilities


You were on level 10 of the Dungeon.
You visited 1 branch of the dungeon, and saw 10 of its levels.

You collected 676 gold pieces.
You spent 88 gold pieces at shops.

Inventory:

Hand Weapons
 a - a +0 shortbow (weapon)
Armour
 c - a +0 leather armour (worn)
 g - a +0 helmet (worn)
 p - a +0 pair of gloves (worn)
Jewellery
 o - a ring of poison resistance (left hand)
 q - a ring of resist corrosion
 v - a +6 ring of dexterity (right hand)
 x - a +6 ring of intelligence
Wands
 j - a wand of iceblast (29)
 s - a wand of quicksilver (11)
 w - a wand of flame (11)
 z - a wand of digging (6)
 G - a wand of paralysis (4)
Scrolls
 b - 3 scrolls of immolation
 f - 4 scrolls of teleportation
 h - a scroll of enchant weapon
 m - a scroll of magic mapping
 t - 3 scrolls of vulnerability
 y - 4 scrolls of identify
 F - a scroll of blinking
Potions
 d - a potion of heal wounds
 e - a potion of might
 i - 2 potions of ambrosia
 k - a potion of mutation {unknown}
 l - a potion of haste
 n - 2 potions of brilliance
 r - a potion of magic {unknown}
 u - a potion of attraction
 A - 3 potions of lignification {unknown}
 B - a potion of cancellation {unknown}
 C - a potion of curing {unknown}
 D - 2 potions of flight {unknown}


   Skills:
 + Level 7.0 Fighting
 * Level 10.4 Ranged Weapons
 + Level 7.0 Dodging
 + Level 7.3 Stealth
 + Level 2.8 Evocations


You had 9 spell levels left.
You didn't know any spells.
Your spell library contained the following spells:

 Spells                   Type           Power      Damage    Failure   Level
 Call Canine Familiar     Summ           0%         N/A       80%         3
 Portal Projectile        Hex/Tloc       0%         N/A       80%         3
 Tukima's Dance           Hex            0%         N/A       80%         3
 Leda's Liquefaction      Hex/Erth       0%         N/A       99%         4
 Passage of Golubria      Tloc           0%         N/A       99%         4
 Yara's Violent Unravell  Hex/Tmut       0%         3d3       100%        5


Dungeon Overview and Level Annotations

Branches:
Dungeon (10/15)            Temple (0/1) D:4            Lair (0/6) D:8
    Orc (0/2) D:10

Shops:
D:4 :([[*   D:6 :   D:8 *

Annotations:
D:8 2 transporters, initializr's ghost, novice GrCj
D:10 3 runed translucent doors, HoaS's ghost, journeyman KoHu


Innate Abilities, Weirdness & Mutations

You have an increased reservoir of magic. (+10% MP)
You shall have no god before yourself.
Your divine heritage dramatically boosts your attributes as you level up.


Message History

You shoot an arrow. The arrow hits the yak.
The yak is heavily wounded.
The yak completely misses you. The yak closely misses you.
Fire: a) +0 shortbow
Press: ? - help, Q - select action, (/) - cycle Shift-Dir - straight line, f/p - yak
Aim: a yak (heavily wounded, 81% to hit)
You shoot an arrow.
The arrow hits the yak but does no damage.
The yak is heavily wounded.
The yak barely misses you. The yak misses you.
Fire: a) +0 shortbow
Press: ? - help, Q - select action, (/) - cycle Shift-Dir - straight line, f/p - yak
Aim: a yak (heavily wounded, 81% to hit)
You shoot an arrow. The arrow hits the yak!
The yak is severely wounded.
You hear a bellow!
The yak barely misses you. The yak gores you!
* * * LOW HITPOINT WARNING * * *
Fire: a) +0 shortbow
Press: ? - help, Q - select action, (/) - cycle Shift-Dir - straight line, f/p - yak
Aim: a yak (severely wounded, 81% to hit)
You shoot an arrow. The arrow hits the yak.
The yak is almost dead.
The yak barely misses you. The yak gores you!
* * * LOW HITPOINT WARNING * * *
Fire: a) +0 shortbow
Press: ? - help, Q - select action, (/) - cycle Shift-Dir - straight line, f/p - yak
Aim: a yak (almost dead, 81% to hit)
You shoot an arrow. The arrow hits the yak.
The yak is almost dead.
The yak barely misses you. The yak gores you!
* * * LOW HITPOINT WARNING * * *
Fire: a) +0 shortbow
Press: ? - help, Q - select action, (/) - cycle Shift-Dir - straight line, f/p - yak
Aim: a yak (almost dead, 81% to hit)
You shoot an arrow.
The arrow hits the yak but does no damage.
The yak is almost dead.
The yak gores you!
You die...

#...##.....)..###...
..... ....#
#...##........).......
#....#
#.....................
#....
#(......##..........# .
#.......##....##....##..
..............##........
.......................
#.........#.#.###Y.###
#.........#..YY@Y..#
.........#######..#
...... .!# ..... ..# Y.#
Y.. >... Y.##


You could see 4 yaks.

Vanquished Creatures
  A boulder beetle (D:10)
  A two-headed ogre (D:9)
  Prince Ribbit (D:8)
  2 shadows
  6 yaks
  Grum (D:8)
  A warg (D:9)
  A water moccasin (D:5)
  4 black bears
  3 sky beasts
  An ice beast (D:5)
  5 orc warriors
  3 wolves (D:8)
  3 ogres
  2 phantoms
  4 centaurs
  A kobold brigand (D:8)
  A bullfrog (D:7)
  6 wights
  A scorpion (D:6)
  14 killer bees
  A howler monkey (D:9)
  6 hounds
  3 orc priests
  3 jellies
  5 iguanas
  17 orc wizards
  4 adders
  A shadow imp (D:8)
  A white imp (D:6)
  An ufetubus (D:6)
  2 worms
  2 dart slugs
  35 orcs
  6 endoplasms
  8 giant cockroaches
  7 goblins
  10 hobgoblins
  14 kobolds
  3 quokkas (D:4)
  8 ball pythons
  10 bats
  5 frilled lizards
  5 rats
219 creatures vanquished.

Vanquished Creatures (collateral kills)
  An orc warrior (D:9)
  A killer bee (D:9)
2 creatures vanquished.

Vanquished Creatures (others)
  11 plants
11 creatures vanquished.

Grand Total: 232 creatures vanquished

Notes
Turn   | Place    | Note
-------+----------+-------------------------------------------
     0 | D:1      | Hasart the Demigod Hunter began the quest for the Orb.
     0 | D:1      | Reached XP level 1. HP: 17/17 MP: 3/3
   128 | D:1      | Reached skill level 1 in Stealth
   256 | D:1      | Reached XP level 2. HP: 24/24 MP: 4/4
   723 | D:2      | Reached skill level 4 in Ranged Weapons
   923 | D:2      | Reached XP level 3. HP: 29/29 MP: 5/5
  1966 | D:3      | Reached XP level 4. HP: 37/37 MP: 6/6
  2273 | D:4      | Found Worghysky's Book Emporium.
  2328 | D:4      | Found a staircase to the Ecumenical Temple.
  2523 | D:4      | Found Ramio's Armour Shop.
  2529 | D:4      | Found Futoutat's Armour Boutique.
  2531 | D:4      | Found Kicvur's Weapon Emporium.
  2537 | D:4      | Reached XP level 5. HP: 35/42 MP: 7/7
  2786 | D:4      | Found Uxigepy's Assorted Antiques.
  2793 | D:4      | Bought a scroll labelled YKUTOA ENETZ for 22 gold pieces
  2793 | D:4      | Bought a scroll labelled DOLAV CACYCU for 22 gold pieces
  2793 | D:4      | Bought a scroll labelled GYOCOU MYTOWAO for 22 gold pieces
  2793 | D:4      | Bought a scroll labelled GIHOGA JEEFEFA for 22 gold pieces
  2794 | D:4      | Noticed a black bear
  2799 | D:5      | Entered Level 5 of the Dungeon
  2820 | D:5      | Reached skill level 5 in Ranged Weapons
  2905 | D:5      | Noticed an ogre
  3086 | D:5      | Killed an ogre
  3087 | D:5      | Reached XP level 6. HP: 51/51 MP: 8/8
  3127 | D:5      | Noticed a water moccasin
  3132 | D:5      | Killed a water moccasin
  3138 | D:5      | Reached XP level 7. HP: 46/57 MP: 9/9
  3270 | D:5      | Reached skill level 6 in Ranged Weapons
  4317 | D:4      | Reached XP level 8. HP: 57/67 MP: 10/10
  4583 | D:6      | HP: 2/67 [hound (2)]
  4584 | D:6      | Reached skill level 7 in Ranged Weapons
  4996 | D:6      | Reached skill level 5 in Stealth
  5126 | D:6      | Found Izonku's Book Shop.
  5328 | D:6      | Reached skill level 5 in Fighting
  5328 | D:6      | Reached skill level 5 in Dodging
  5679 | D:7      | Reached skill level 8 in Ranged Weapons
  5778 | D:7      | Reached XP level 9. HP: 74/74 MP: 11/11
  6308 | D:8      | Noticed Prince Ribbit
  6322 | D:8      | Killed Prince Ribbit
  6430 | D:8      | Found a staircase to the Lair.
  6461 | D:8      | Noticed a catoblepas
  6464 | D:8      | Found a transporter.
  6464 | D:8      | Noticed initializr's ghost (novice GrCj)
  6997 | D:8      | Found a transporter.
  7032 | D:8      | Noticed Grum
  7037 | D:8      | Reached skill level 9 in Ranged Weapons
  7048 | D:8      | Killed Grum
  7502 | D:8      | Found Kyazxedi's Demolitions Depot.
  8606 | D:9      | Noticed a two-headed ogre
  8615 | D:9      | Killed a two-headed ogre
  8616 | D:9      | Reached skill level 1 in Evocations
  8616 | D:9      | Reached XP level 10. HP: 79/84 MP: 13/13
  9265 | D:9      | HP: 1/84 [killer bee (8)]
  9821 | D:10     | Entered Level 10 of the Dungeon
 10049 | D:10     | Reached skill level 10 in Ranged Weapons
 10148 | D:10     | Found a runed translucent gate.
 10148 | D:10     | Found a runed translucent gate.
 10148 | D:10     | Found a runed translucent gate.
 10149 | D:10     | Noticed HoaS's ghost (journeyman KoHu)
 10741 | D:10     | Noticed a boulder beetle
 10774 | D:10     | Killed a boulder beetle
 10888 | D:10     | Found a staircase to the Orcish Mines.
 10971 | D:10     | HP: 4/86 [yak (11)]
 10972 | D:10     | Mangled by a yak

Illustrated notes

Levels and vault maps discovered:
D:1:      doesnt_arrival_eight_statues, layout_basic
D:2:      layout_loops_ring, lexackson_kobold_supper
D:3:      layout_loops_ring, ebering_ecumenical_altar_abandoned, serial_forest,
          infiniplex_forest_zigzag_1, infiniplex_forest_3_way,
          infiniplex_forest_lined_corner, infiniplex_forest_lined_room_,
          infiniplex_forest_clump_small, infiniplex_forest_lined_2,
          infiniplex_forest_clump_medium, infiniplex_forest_corner_1
D:4:      minmay_angry_zag, layout_basic, minmay_temple_entry_hall,
          serial_shops, nicolae_shop_temple_entry_statues_fountains, shop, shop,
          nicolae_stop_n_shop_2, shop
D:5:      layout_loops_ring
D:6:      layout_loops_ring, lemuel_coloured_pillars_altar,
          mainiacjoe_overflow_tiny_flanked, serial_shops, nicolae_diamond_shop,
          chequers_hall_statues_corner_a, amcnicky_mini_corridor_feature,
          minmay_misc_feat_room
D:7:      layout_basic, minivault_27
D:8:      layout_basic, lair_entry_dummy, gammafunk_ghost_arena,
          nicolae_sextant, serial_bayou_ford_a, nicolae_blasting_shop,
          uniq_grum, uniq_prince_ribbit1
D:9:      layout_basic
D:10:     layout_long_grid, erik_orc_4, gammafunk_ghost_spectres,
          roderic_roman_lattice, lightli_wizard_tower

Skill      XL: |  1  2  3  4  5  6  7  8  9 10 |
---------------+-------------------------------+-----
Stealth        | 1 2 3 4 5 6 7 |  7.3
Fighting       | 2 3 4 5 6 7 |  7.0
Dodging        | 2 3 4 5 6 7 |  7.0
Ranged Weapons | 4 5 6 8 9 10 | 10.4
Evocations     | 1 2 |  2.8

Action                   |  1- 3 |  4- 6 |  7- 9 | 10-12 || total
-------------------------+-------+-------+-------+-------++-------
Melee: Shortbow          |       |       |     3 |       ||     3
 Fire: Shortbow          |   137 |    86 |   401 |   177 ||   801
Evoke: Wand              |       |     4 |     4 |    15 ||    23
  Use: Scroll            |       |       |    13 |     2 ||    15
       Potion            |       |       |     1 |       ||     1
Armor: Leather armour    |    18 |    15 |    73 |    13 ||   119
Dodge: Dodged            |    30 |    26 |   228 |   146 ||   430

Table legend: (Time is in decaauts)
 A = Elapsed time spent in this place.
 B = Non-inter-level travel time spent in this place.
 C = Inter-level travel time spent in this place.
 D = Time resting spent in this place.
 E = Time spent auto-exploring this place.
 F = Levels seen in this place.
 G = Mean time per level.
                   A        B        C        D        E       F      G
               +--------+--------+--------+--------+--------+-----+--------+
         Total |  11114 |  10784 |    330 |   2125 |   7078 |  10 | 1111.4 |
       Dungeon |  11114 |  10784 |    330 |   2125 |   7078 |  10 | 1111.4 |
               +--------+--------+--------+--------+--------+-----+--------+

Top non-repeatable levels by time:
     D:8: 2304 daAuts
     D:9: 1582 daAuts
     D:5: 1573 daAuts
     D:6: 1011 daAuts
     D:7: 948 daAuts
     D:3: 861 daAuts
     D:2: 784 daAuts
     D:4: 768 daAuts
     D:1: 673 daAuts
    D:10: 608 daAuts
